 Dungeon Crawl Stone Soup version 0.28.0-53-g5a82cb258f (webtiles) character file.

Game seed: 4018184616410492775

15761 infcreate the Covert (level 12, 30/59 HPs)
             Began as a Vampire Enchanter on July 27, 2022.
             Was an Elder of Dithmenos.
             Quit the game in an ice cave.
             The game lasted 00:33:28 (13217 turns).

infcreate the Covert (Vampire Enchanter)           Turns: 13217, Time: 00:33:29

Health: 30/59      AC: 11    Str:  7    XL:     12   Next: 4%
Magic:  22/24      EV: 19    Int: 17    God:    Dithmenos [****..]
Gold:   189        SH:  5    Dex: 20    Spells: 12/27 levels left

rFire   . . .      SeeInvis +   p - +2 dagger (elec)
rCold   + + .      Faith    .   (no shield)
rNeg    + + +      Spirit   .   s - +1 steam dragon scales
rPois   ∞          Reflect  +   j - +0 helmet
rElec   .          Harm     .   f - +2 cloak {rCorr}
rCorr   +          Rampage  .   g - +0 pair of gloves
Will    +....                   (no boots) Stlth **++++++++
                                y - amulet of reflection
HPRegen 0.19/turn               Y - +4 ring of slaying
MPRegen 0.19/turn               (no ring)

@: bloodless, wreathed by umbra
A: bloodless, fangs 3, see invisible, vampiric 2
a: Bat Form, Revivify, Renounce Religion, Shadow Step


You were in an ice cave.
You worshipped Dithmenos.
Dithmenos was greatly pleased with you.
You visited 3 branches of the dungeon, and saw 13 of its levels.
You also visited: Ice Cave.

You collected 684 gold pieces.
You spent 495 gold pieces at shops.


Innate Abilities, Weirdness & Mutations

You do not regenerate when monsters are visible.
You are frail without blood (-20% HP).
You can heal yourself when you bite living creatures.
You are immune to poison.
You have razor-sharp teeth.
You have supernaturally acute eyesight. (SInv)
You are afflicted with vampirism and can become a bat while bloodless.


   Skills:
 + Level 9.9 Short Blades
 + Level 10.0 Dodging
 + Level 14.2 Stealth
 + Level 8.4 Spellcasting
 + Level 13.2 Hexes


You had 12 spell levels left.
You knew the following spells:

 Your Spells              Type           Power      Damage    Failure   Level
c - Confusing Touch       Hex            51%        N/A       1%          3
d - Tukima's Dance        Hex            51%        N/A       1%          3
e - Ensorcelled Hibernat  Hex/Ice        58%        N/A       1%          2
f - Dazzling Flash        Conj/Hex       58%        N/A       1%          3
p - Fulminant Prism       Conj/Hex       14%        3d9       7%          4

Your spell library contained the following spells:

 Spells                   Type           Power      Damage    Failure   Level
 Magic Dart               Conj           28%        1d4       10%         1
 Pain                     Necr           28%        1d5       10%         1
 Searing Ray              Conj           14%        2d5       16%         2

Inventory:

Hand Weapons
 p - a +2 dagger of electrocution (weapon)
Missiles
 o - a throwing net (quivered) {=f}
Armour
 f - a +2 cloak of preservation (worn)
 g - a +0 pair of gloves (worn)
 j - a +0 helmet (worn)
 s - +1 steam dragon scales (worn)
Magical Staves
 J - a staff of cold {!a}
Jewellery
 y - an amulet of reflection (around neck)
 Y - a +4 ring of slaying (left hand)
Wands
 a - a wand of polymorph (13)
 m - a wand of paralysis (21)
 n - a wand of acid (8)
 q - a wand of iceblast (13)
 C - a wand of digging (5)
 K - a wand of mindburst (13)
Scrolls
 b - 3 scrolls of teleportation {@r2}
 i - a scroll of vulnerability
 t - 4 scrolls of blinking
 F - a scroll of amnesia
Potions
 c - 2 potions of invisibility
 d - a potion of brilliance {unknown}
 e - 3 potions of mutation
 k - 2 potions of might
 l - 4 potions of flight
 u - 3 potions of attraction {unknown}
 v - 3 potions of curing {unknown}
 w - a potion of degeneration {unknown}
 z - 2 potions of lignification {unknown}
 A - a potion of resistance {unknown}
 E - 2 potions of ambrosia {unknown}
 I - a potion of heal wounds {unknown}

Dungeon Overview and Level Annotations

Branches:
Dungeon (11/15)            Temple (1/1) D:4            Lair (1/6) D:9
    Orc (0/2) D:10          IceCv (1/1)

Altars:
Ashenzari
Cheibriados
Dithmenos
Elyvilon
Fedhas
Gozag
Hepliaklqana
Kikubaaqudgha
Makhleb
Nemelex Xobeh
Okawaru
Qazlal
Ru
Sif Muna
Trog
Uskayaw
Vehumet
Wu Jian
Xom
Yredelemnul
Zin
The Shining One

Shops:
D:4 :[=[   D:10 [(

Annotations:
D:6 2 transporters, diceflayer's ghost, novice OpFi IceCv exclusion: 2 ice statues

#### ##.#.#### ####
##......8# #### ##..##
#.......####..#####....##
#........##....##.......#
#...........#○......∩.∩.#
##.......§Z###@.........#
#.......#§§.##..##....##
#......###§§#######..##
#......8##§§# ####
##.....##○§##
##....###§§# ##..##
##§§§# ... ..§§# ...#
#°#§.#


There were no monsters in sight!


Message History

Your hands begin to glow red.
You hit the death yak simulacrum but do no damage.
The death yak simulacrum appears confused.
You bite the death yak simulacrum, but do no damage.
You completely miss the death yak simulacrum.
You bite the death yak simulacrum, but do no damage.
You hit the death yak simulacrum.
The death yak simulacrum is lightly damaged.
You hit the death yak simulacrum but do no damage.
The death yak simulacrum is lightly damaged.
The death yak simulacrum gores you! The death yak simulacrum freezes you!
You resist.
The death yak simulacrum gores itself.
You completely miss the death yak simulacrum.
You bite the death yak simulacrum, but do no damage.
The death yak simulacrum is lightly damaged.
You hit the death yak simulacrum but do no damage.
Lightning courses through the death yak simulacrum!
The death yak simulacrum is heavily damaged.
Your shadow hits the death yak simulacrum with a dagger.
You catch the helpless death yak simulacrum completely off-guard!
You stick the death yak simulacrum like a pincushion!!!
The death yak simulacrum vaporises!
Dithmenos accepts your kill.
No target in view!
No target in view!
Level annotation: exclusion: 2 ice statues Welcome back, infcreate the Vampire Enchanter.
Dithmenos says: Spread the eternal night.
Press ? for a list of commands and other information.
Are you sure you want to abandon this character and quit the game? (Confirm with "yes".)

Skill      XL: |  1  2  3  4  5  6  7  8  9 10 11 12 |
---------------+-------------------------------------+-----
Stealth        | 5 6 7 9 10 12 14 | 14.2
Short Blades   | 2 3 4 5 7 8 9 |  9.9
Hexes          | 5 6 7 8 10 11 13 | 13.2
Dodging        | 3 4 5 6 7 8 9 10 | 10.0
Spellcasting   | 3 4 5 6 7 8 |  8.4

Action                   |  1- 3 |  4- 6 |  7- 9 | 10-12 || total
-------------------------+-------+-------+-------+-------++-------
Melee: Dagger            |    72 |    85 |   207 |   214 ||   578
       Bite              |     5 |     9 |    28 |    31 ||    73
       Punch             |     1 |       |     3 |     2 ||     6
 Cast: Ensorcelled Hiber |     8 |     5 |    25 |    19 ||    57
       Confusing Touch   |     2 |    13 |    39 |    35 ||    89
       Tukima's Dance    |       |     2 |    15 |    16 ||    33
       Fulminant Prism   |       |       |       |    11 ||    11
 Abil: Exsanguinate      |     1 |       |       |       ||     1
  Use: Scroll            |     2 |       |     5 |     9 ||    16
 Stab: Sleeping          |    26 |    13 |    27 |    36 ||   102
       Confused          |     1 |    10 |    24 |    25 ||    60
       Distracted        |       |     1 |     1 |       ||     2
Armor: Robe              |    12 |    10 |     2 |       ||    24
       Steam dragon scal |       |       |    29 |    23 ||    52
Dodge: Dodged            |    24 |    20 |    82 |    89 ||   215
Block: Other             |       |       |     5 |    28 ||    33
       Reflection        |       |       |       |     3 ||     3

Levels and vault maps discovered:
D:1:      dpeg_arrival_long_road, layout_loops_corners
D:2:      layout_basic
D:3:      layout_basic, kennysheep_nub, nicolae_elevator_lobby_plus, uniq_ijyb
D:4:      layout_rooms, grunt_temple_overflow_magic_moments,
          minmay_temple_entry_drinking_statues, serial_shops,
          nicolae_shop_statue_plus, nicolae_shop_trees, shop,
          kennysheep_mini_moat, uniq_sigmund
D:5:      layout_basic, minmay_small_thing
D:6:      layout_cave_pools, gammafunk_ghost_stat_death, uniq_grinder
D:7:      layout_rooms
D:8:      layout_loops_ring, mainiacjoe_overflow_swirl, st_stairs_14
D:9:      layout_cross, mainiacjoe_overflow_catch_the_wave, erik_lair_island,
          kennysheep_generic_room_14
D:10:     layout_small_grid, orc_david_3
D:11:     layout_roguey, zin_statuary, uniq_grum, uniq_erolcha, uniq_urug
Temple:   regret_index_temple_waves
Lair:1:   layout_misc_corridors, portal_ice_cave_entry_ice_simulacra,
          uniq_joseph
IceCv:    ice_cave_small_demon

Notes
Turn   | Place    | Note
-------+----------+-------------------------------------------
     0 | D:1      | infcreate the Vampire Enchanter began the quest for the
                  | Orb.
     0 | D:1      | Reached XP level 1. HP: 13/13 MP: 3/3
   208 | D:1      | Reached XP level 2. HP: 9/15 MP: 5/5
   211 | D:1      | Learned a level 2 spell: Ensorcelled Hibernation
  1734 | D:2      | Reached skill level 5 in Stealth
  1734 | D:2      | Gained mutation: You are afflicted with vampirism and can
                  | become a bat while bloodless. [Vampire growth]
  1734 | D:2      | Reached XP level 3. HP: 19/19 MP: 6/6
  1738 | D:2      | Learned a level 3 spell: Confusing Touch
  1761 | D:2      | You fall into a shaft and drop 2 floors!
  1766 | D:4      | Noticed a steam dragon
  1822 | D:3      | Noticed Ijyb
  2254 | D:2      | Reached skill level 2 in Short Blades
  2254 | D:2      | Reached skill level 5 in Hexes
  2838 | D:3      | Killed Ijyb
  2839 | D:3      | Reached skill level 3 in Dodging
  2839 | D:3      | Reached XP level 4. HP: 24/24 MP: 7/7
  2943 | D:4      | Found Wot Qan's Armour Shoppe.
  3139 | D:4      | Noticed Sigmund
  3153 | D:4      | Found Yleusof's Jewellery Boutique.
  3284 | D:4      | Learned a level 3 spell: Tukima's Dance
  3415 | D:4      | Killed Sigmund
  3416 | D:4      | Reached skill level 3 in Short Blades
  3416 | D:4      | Reached skill level 6 in Stealth
  3416 | D:4      | Reached skill level 3 in Spellcasting
  3416 | D:4      | Reached XP level 5. HP: 28/28 MP: 6/9
  3416 | D:4      | Reached XP level 6. HP: 32/32 MP: 6/10
  3421 | D:4      | Learned a level 3 spell: Dazzling Flash
  3472 | D:4      | Found a staircase to the Ecumenical Temple.
  3482 | Temple   | Entered the Ecumenical Temple
  3553 | Temple   | Became a worshipper of Dithmenos the Shadowed
  3647 | D:4      | Found a radiant altar of Vehumet.
  3657 | D:4      | Found an ancient bone altar of Kikubaaqudgha.
  3658 | D:4      | Found a shimmering blue altar of Sif Muna.
  3697 | D:4      | Found Nucsom's Book Boutique.
  3747 | D:4      | Found Omifea's Armour Shoppe.
  3922 | D:4      | Reached skill level 6 in Hexes
  4074 | D:5      | Entered Level 5 of the Dungeon
  4321 | D:5      | Reached skill level 4 in Dodging
  4464 | D:5      | Reached * piety under Dithmenos
  4488 | D:5      | Reached XP level 7. HP: 31/36 MP: 8/12
  4714 | D:5      | Noticed a shadow
  4718 | D:5      | Killed a shadow
  4719 | D:5      | Reached skill level 4 in Short Blades
  4719 | D:5      | Reached skill level 7 in Stealth
  5240 | D:4      | Killed a steam dragon
  5241 | D:4      | Reached skill level 4 in Spellcasting
  5241 | D:4      | Reached skill level 7 in Hexes
  5296 | D:4      | Got Kikubaaqudgha's Tome of Evil Arts
  5329 | D:6      | Found a transporter.
  5395 | D:6      | Noticed diceflayer's ghost (novice OpFi)
  5422 | D:6      | Reached skill level 5 in Dodging
  5422 | D:6      | Reached XP level 8. HP: 38/41 MP: 9/14
  5426 | D:6      | Reached skill level 8 in Stealth
  5709 | D:6      | Found a transporter.
  5721 | D:6      | Noticed Grinder
  5728 | D:6      | Killed Grinder
  5729 | D:6      | Reached skill level 5 in Short Blades
  5729 | D:6      | Reached skill level 8 in Hexes
  6114 | D:4      | Bought a +2 cloak of preservation for 215 gold pieces
  6232 | D:7      | Reached skill level 9 in Stealth
  6243 | D:7      | Noticed a troll
  6262 | D:7      | Reached skill level 6 in Dodging
  6262 | D:7      | Reached skill level 5 in Spellcasting
  6487 | D:7      | Reached XP level 9. HP: 45/45 MP: 10/16
  6916 | D:7      | Reached skill level 6 in Short Blades
  6917 | D:7      | Reached ** piety under Dithmenos
  6937 | D:7      | Reached skill level 9 in Hexes
  7081 | D:7      | Killed a troll
  7138 | D:7      | Reached skill level 10 in Stealth
  7530 | D:8      | Reached skill level 7 in Dodging
  7807 | D:8      | Identified the -6 pair of boots "Xympulur" {Regen+}
  8004 | D:8      | Found a blossoming altar of Fedhas.
  8013 | D:8      | Found an opulent altar of Gozag.
  8271 | D:9      | Reached skill level 6 in Spellcasting
  8311 | D:9      | Reached skill level 7 in Short Blades
  8311 | D:9      | Reached skill level 10 in Hexes
  8584 | D:9      | Found a staircase to the Lair.
  9005 | D:9      | Reached XP level 10. HP: 50/50 MP: 19/19
  9028 | D:9      | Found a snail-covered altar of Cheibriados.
  9038 | D:9      | Reached skill level 11 in Stealth
  9199 | D:9      | Identified the +1 robe of the Five Teeth {-Cast rElec rF+++
                  | Slay-3}
  9456 | D:9      | Found a hazy altar of Hepliaklqana.
  9534 | D:10     | Entered Level 10 of the Dungeon
  9738 | D:10     | Reached skill level 8 in Dodging
  9738 | D:10     | Reached *** piety under Dithmenos
  9746 | D:10     | Reached skill level 11 in Hexes
  9954 | D:10     | Found Xuixouf Qiwn's Armour Shoppe.
  9956 | D:10     | Found a staircase to the Orcish Mines.
  9956 | D:10     | Noticed a two-headed ogre
  9987 | D:10     | Reached skill level 8 in Short Blades
  9988 | D:10     | Killed a two-headed ogre
  9989 | D:10     | Reached skill level 12 in Stealth
  9989 | D:10     | Reached skill level 7 in Spellcasting
 10082 | D:10     | Noticed a two-headed ogre
 10121 | D:10     | Killed a two-headed ogre
 10269 | D:10     | Reached XP level 11. HP: 54/54 MP: 15/21
 10376 | D:10     | Found Wasyirev's Weapon Shoppe.
 10723 | D:11     | Noticed Grum
 10723 | D:11     | Noticed a boulder beetle
 10724 | D:11     | Killed a boulder beetle
 10734 | D:11     | Killed Grum
 10738 | D:11     | Reached skill level 9 in Dodging
 10738 | D:11     | Reached skill level 12 in Hexes
 10860 | D:11     | Noticed Erolcha
 10875 | D:11     | Noticed a two-headed ogre
 10893 | D:11     | Killed a two-headed ogre
 10894 | D:11     | Reached skill level 13 in Stealth
 11037 | D:11     | Reached skill level 9 in Short Blades
 11037 | D:11     | Noticed a cyan ugly thing
 11044 | D:11     | Killed a cyan ugly thing
 11076 | D:11     | Noticed a two-headed ogre
 11153 | D:11     | Noticed Urug
 11157 | D:11     | Killed Urug
 11158 | D:11     | Reached skill level 8 in Spellcasting
 11358 | D:11     | Killed Erolcha
 11361 | D:11     | Killed a two-headed ogre
 11552 | D:4      | Bought a book of Conjurations for 280 gold pieces
 11557 | D:4      | Learned a level 4 spell: Fulminant Prism
 11653 | Lair:1   | Entered Level 1 of the Lair of Beasts
 11838 | Lair:1   | Noticed Joseph
 11843 | Lair:1   | Killed Joseph
 11871 | Lair:1   | Found a frozen archway.
 11923 | Lair:1   | Reached skill level 14 in Stealth
 11923 | Lair:1   | Reached skill level 13 in Hexes
 11931 | IceCv    | Entered an ice cave
 12277 | IceCv    | Reached **** piety under Dithmenos
 12843 | IceCv    | Reached XP level 12. HP: 44/59 MP: 21/24
 12884 | IceCv    | Reached skill level 10 in Dodging
 12977 | IceCv    | HP: 3/59 [ice devil (3)]
 13217 | IceCv    | Quit the game

Vanquished Creatures
  A boulder beetle (D:11)
  Erolcha (D:11)
  3 two-headed ogres
  Urug (D:11)
  An ugly thing (D:11)
  A black mamba (Lair:1)
  A cane toad (Lair:1)
  3 centaur zombies (D:11)
  Joseph (Lair:1)
  A komodo dragon (D:11)
  2 kobold demonologists (D:10)
  A freezing wraith (IceCv)
  3 ice devils (IceCv)
  2 trolls
  2 hornets
  Grinder (D:6)
  Sigmund (D:4)
  A shadow (D:5)
  Grum (D:11)
  A vampire (D:9)
  2 dancing weapons
  11 yaks (D:10)
  A steam dragon (D:4)
  2 death yak simulacra (IceCv)
  2 water moccasins
  3 acid dragons
  4 orc warriors
  An ogre (D:7)
  A necrophage (D:7)
  4 wolves
  3 centaurs
  4 kobold brigands
  2 bullfrogs (D:7)
  2 cane toad simulacra (IceCv)
  A scorpion (D:6)
  2 elephant simulacra
  5 killer bees
  2 howler monkeys
  5 electric eels (D:9)
  7 wights
  3 bullfrog zombies
  A jelly (D:6)
  An orc priest (D:7)
  6 hounds
  4 bullfrog skeletons
  Ijyb (D:3)
  2 iguanas (D:6)
  6 orc wizards
  A polar bear simulacrum (IceCv)
  4 spriggan simulacra (IceCv)
  A hound skeleton (D:5)
  3 howler monkey zombies
  2 howler monkey skeletons
  4 gnolls (D:4)
  7 adders
  A naga simulacrum (IceCv)
  2 shadow imps
  2 white imps
  2 ufetubi (IceCv)
  An adder skeleton (D:4)
  A worm (D:4)
  3 dart slugs
  24 orcs
  5 endoplasms
  A giant cockroach (D:1)
  A goblin (D:1)
  4 hobgoblins
  2 jackals (D:1)
  4 quokkas
  A ball python (D:3)
  3 bats
  11 kobolds
  6 rats
213 creatures vanquished.

Vanquished Creatures (collateral kills)
  A two-headed ogre (D:10)
  2 wights (D:7)
  An orc priest (D:7)
  2 orcs (D:8)
6 creatures vanquished.

Vanquished Creatures (others)
  6 dancing weapons
  An ufetubus (IceCv)
  11 fulminant prisms (IceCv)
18 creatures vanquished.

Grand Total: 237 creatures vanquished

Table legend: (Time is in decaauts)
 A = Elapsed time spent in this place.
 B = Non-inter-level travel time spent in this place.
 C = Inter-level travel time spent in this place.
 D = Time resting spent in this place.
 E = Time spent auto-exploring this place.
 F = Levels seen in this place.
 G = Mean time per level.
                   A        B        C        D        E       F      G
               +--------+--------+--------+--------+--------+-----+--------+
         Total |  13068 |  11788 |   1280 |   2140 |   7318 |  14 |  933.4 |
       Dungeon |  11413 |  10224 |   1189 |   1162 |   6997 |  11 | 1037.5 |
        Temple |    138 |     72 |     66 |      0 |     53 |   1 |  138.0 |
          Lair |    274 |    249 |     25 |     60 |    141 |   1 |  274.0 |
      Ice Cave |   1241 |   1241 |      0 |    918 |    127 |   1 | 1241.0 |
               +--------+--------+--------+--------+--------+-----+--------+

Top non-repeatable levels by time:
     D:9: 1327 daAuts
     D:1: 1302 daAuts
     D:4: 1245 daAuts
   IceCv: 1241 daAuts
     D:5: 1141 daAuts
    D:10: 1115 daAuts
     D:7: 1081 daAuts
     D:6: 953 daAuts
     D:8: 888 daAuts
     D:3: 832 daAuts
     D:2: 792 daAuts
    D:11: 733 daAuts
  Lair:1: 274 daAuts
  Temple: 138 daAuts

Table legend:
 A = Non-vault XP
 B = Vault XP
 C = Vault XP percentage of total XP
 D = Non-vault monster count
 E = Vault monster count
 F = Vault count percentage of total count
                 A         B        C        D         E       F
            +---------+---------+-------+---------+---------+-------
      Total |   16265 |    6252 |  27.8 |     175 |      42 |  19.4
            +---------+---------+-------+---------+---------+-------
        D:1 |      35 |       0 |   0.0 |      20 |       0 |   0.0
        D:2 |      33 |       0 |   0.0 |       6 |       0 |   0.0
        D:3 |      17 |      38 |  69.1 |       9 |       1 |  10.0
        D:4 |     302 |     227 |  42.9 |      18 |       1 |   5.3
        D:5 |     352 |     281 |  44.4 |      17 |       2 |  10.5
        D:6 |     966 |     258 |  21.1 |      21 |       1 |   4.5
        D:7 |    1424 |       0 |   0.0 |      20 |       0 |   0.0
        D:8 |     765 |      17 |   2.2 |      15 |       1 |   6.2
        D:9 |    1215 |     783 |  39.2 |      13 |       8 |  38.1
       D:10 |    4873 |       9 |   0.2 |      22 |       3 |  12.0
       D:11 |    5406 |    2056 |  27.6 |      12 |       5 |  29.4
     Lair:1 |     877 |     474 |  35.1 |       2 |       2 |  50.0
      IceCv |       0 |    2109 | 100.0 |       0 |      18 | 100.0
            +---------+---------+-------+---------+---------+-------
